 Dungeon Crawl Stone Soup version 0.25.1-2-g60ff931df9 (webtiles) character file.

Game seed: 17970624278514782087

88 solopath the Digger (level 4, -5/30 HPs)
             Began as a Barachi Earth Elementalist on Nov 1, 2020.
             Killed by divine providence
             ... invoked by an orc priest
              (14 damage)
             ... on level 3 of the Dungeon.
             The game lasted 00:05:19 (2747 turns).

solopath the Digger (Barachi Earth Elementalist)    Turns: 2747, Time: 00:05:20

Health: -5/30      AC:  6    Str:  9    XL:     4   Next: 54%
Magic:  1/8        EV: 12    Int: 23    God:
Gold:   87         SH:  0    Dex: 12    Spells: 3/9 levels left

rFire    . . .     SeeInvis .   h - +0 dagger
rCold    . . .     Gourm    .   (no shield)
rNeg     . . .     Faith    .   c - +0 robe
rPois    .         Spirit   .   (no helmet)
rElec    .         Reflect  .   (no cloak)
rCorr    .         Harm     .   (no gloves)
MR       .....                  (no boots)
Stlth    ++........             (no amulet)
HPRegen  0.10/turn              i - +6 ring of intelligence
MPRegen  0.11/turn              u - +4 ring of protection

@: can't hop, slow
A: +LOS, swims, slowness 1, strong legs 1
a: Hop


You were on level 3 of the Dungeon.
You were not hungry.

You visited 1 branch of the dungeon, and saw 3 of its levels.

You collected 87 gold pieces.

Inventory:

Hand Weapons
 h - a +0 dagger (weapon)
Missiles
 b - 73 stones (quivered)
 e - 4 large rocks
Armour
 c - a +0 robe (worn)
Jewellery
 i - a +6 ring of intelligence (left hand)
 u - a +4 ring of protection (right hand)
Scrolls
 a - a scroll of amnesia {unknown}
 f - 2 scrolls of identify {unknown}
 j - a scroll of fear {unknown}
 k - a scroll of magic mapping {unknown}
 l - a scroll of random uselessness {unknown}
 n - a scroll of enchant armour {unknown}
 p - a scroll of noise {unknown}
Potions
 g - 2 potions of curing {unknown}
 m - a potion of heal wounds {unknown}
 o - a potion of magic {unknown}
 t - a potion of flight {unknown}
Comestibles
 d - 4 rations
 q - 4 chunks of flesh


   Skills:
 - Level 2.1 Dodging
 + Level 2.6 Stealth
 + Level 3.0 Spellcasting
 - Level 1.1 Transmutations
 * Level 4.2 Earth Magic


You had 3 spell levels left.
You knew the following spells:

 Your Spells              Type           Power        Failure   Level  Hunger
a - Sandblast             Erth           ###...       1%          1    None
b - Passwall              Tmut/Erth      ###.....     6%          2    ##.....
c - Stone Arrow           Conj/Erth      ##....       14%         3    ###....

Your spell library contained the following spells:

 Spells                   Type           Power        Failure   Level  Hunger
 Petrify                  Tmut/Erth      ###.....     36%         4    ####...
 Lee's Rapid Deconstruct  Erth           ###.......   50%         5    ######.


Dungeon Overview and Level Annotations

Branches:
Dungeon (3/15)

Altars:
Yredelemnul


Innate Abilities, Weirdness & Mutations

You can be seen from farther away. (+LOS)
You can swim through water.
You cover ground slowly.
You can hop short distances.


Message History

The orc hits you with a +4 flail of protection.
* * * LOW HITPOINT WARNING * * *
The orc hits you but does no damage.
The orc priest hits you but does no damage.
The orc closely misses you.
Casting: Sandblast (safe; 1% risk of failure)
Confirm with . or Enter, or press ? or * to list all spells.
Aiming: Sandblast (safe; 1% risk of failure)
Press: ? - help, Shift-Dir - straight line, f/p - orc priest
Aim: an orc priest, wielding a +0 dagger and wearing a +0 chain mail The blast of sand hits the orc priest.
The orc priest is moderately wounded.
b - 73 stones The orc barely misses you.
The orc closely misses you. The orc barely misses you.
The orc barely misses you.
Unknown command.
The orc priest mumbles some strange prayers to Beogh against you.
Beogh smites you!
You die...

#.# #... #.# #..####
##########.# #..##..
...........# #..##?#####
#######.#.###..##.#...#
#.#......##.#..#
#.#####.###.#..##
#.......#.#.#.....o.oo....#.#.
................@.oo.or.......
#+ ####.#.#.#..<#.o.oo......#.
.... #.#.###########.(##...
.... # #.. ......... .... #.#
####.####. .... #.# ... ....
#.# .. .... #.# . .... #.


You could see an orc priest, 8 orcs and a rat.

Vanquished Creatures
  An orc priest (D:3)
  An adder (D:2)
  An ooze (D:1)
  2 dart slugs
  A worm (D:2)
  3 orcs (D:3)
  4 bats (D:1)
  A giant cockroach (D:1)
  6 goblins
  4 hobgoblins
  2 quokkas (D:2)
  2 ball pythons (D:1)
  2 frilled lizards (D:1)
  4 kobolds
  3 rats (D:1)
37 creatures vanquished.

Notes
Turn   | Place    | Note
-------+----------+-------------------------------------------
     0 | D:1      | solopath the Barachi Earth Elementalist began the quest for
                  | the Orb.
     0 | D:1      | Reached XP level 1. HP: 13/13 MP: 3/3
   393 | D:1      | Reached XP level 2. HP: 19/19 MP: 0/5
   403 | D:1      | Learned a level 2 spell: Passwall
  1083 | D:1      | Reached XP level 3. HP: 18/24 MP: 6/6
  1096 | D:1      | Learned a level 3 spell: Stone Arrow
  1600 | D:2      | Found a basalt altar of Yredelemnul.
  2624 | D:3      | Reached skill level 4 in Earth Magic
  2624 | D:3      | Reached XP level 4. HP: 30/30 MP: 4/8
  2747 | D:3      | Killed from afar by an orc priest

Illustrated notes

Levels and vault maps discovered:
D:1:      minmay_arrival_jagged, layout_loops_ring
D:2:      layout_rooms, yredelemnul_altar_generic
D:3:      layout_basic, old_standard_altar, hangedman_feature_mirror

Skill      XL: |  1  2  3 |
---------------+----------+-----
Stealth        | 2 |  2.6
Spellcasting   | 3 |  3.0
Earth Magic    | 4 |  4.2
Dodging        | |  2.1
Transmutations | |  1.1

Action                   |  1- 3 |  4- 6 || total
-------------------------+-------+-------++-------
Melee: Unarmed           |    23 |       ||    23
       Dagger            |   133 |    17 ||   150
 Cast: Sandblast         |    28 |     6 ||    34
       Passwall          |     1 |     2 ||     3
 Abil: Hop               |     1 |     1 ||     2
  Use: Potion            |     1 |       ||     1
 Stab: Sleeping          |     5 |     2 ||     7
  Eat: Chunk             |     6 |     1 ||     7
Armor: Robe              |    41 |     5 ||    46
Dodge: Dodged            |   115 |    12 ||   127
